 Dungeon Crawl Stone Soup version 0.30-a0-1094-g860fb061e7 (webtiles) character file.

Game seed: 11131701536048374044

235 Esekla the Covert (level 6, -4/43 HPs)
             Began as an Octopode Delver on Apr 17, 2023.
             Was an Initiate of Gozag.
             Slain by a water moccasin (5 damage)
             ... on level 3 of the Dungeon.
             The game lasted 00:06:44 (708 turns).

Esekla the Covert (Octopode Delver)                  Turns: 708, Time: 00:06:44

Health: -4/43      AC:  1    Str: 16 (19) XL:     6   Next: 6%
Magic:  7/7        EV: 13    Int: 17 (19) God:    Gozag
Gold:   163        SH:  0    Dex:  9 (10) Spells: 7/7 levels left

rFire   . . .      SeeInvis .    g - +6 dagger of Tocki {chaos, Str+7 Int+5 Dex-3}
rCold   . . .      Faith    .    (no shield)
rNeg    . . .      Spirit   .    (helmet restricted)
rPois   .          Reflect  .    (no amulet)
rElec   .          Rampage  .    (no ring)
rCorr   .                        (no ring)
Will    .....                    (no ring)
Stlth   +++++                    (no ring)
HPRegen 0.27/turn                (no ring)
MPRegen 0.10/turn                (no ring)
                                 (no ring)
                                 (no ring)

@: lethally poisoned (-4 -> -15)
A: almost no armour, amphibious, 8 rings, camouflage 1, gelatinous body 1,
(nimble swimmer 1), tentacles
a: Renounce Religion, Potion Petition, Call Merchant, Bribe Branch


You were on level 3 of the Dungeon.
You worshipped Gozag.
Gozag was aware of your devotion.
You visited 2 branches of the dungeon, and saw 4 of its levels.

You collected 172 gold pieces.
You paid 9 gold pieces to Gozag.

Inventory:

Hand Weapons
 a - a +0 falchion
 g - the +6 dagger of Tocki (weapon) {chaos, Str+7 Int+5 Dex-3}
   (You found it on level 5 of the Dungeon)

   Str:       It affects your strength (+7).
   Int:       It affects your intelligence (+5).
   Dex:       It affects your dexterity (-3).
Jewellery
 e - an amulet of regeneration
Wands
 f - a wand of digging (3)
 h - a wand of paralysis (9)
Scrolls
 b - 2 scrolls of fog
 c - a scroll of magic mapping
 d - a scroll of enchant armour {unknown}
 i - 3 scrolls of identify {unknown}
 k - a scroll of immolation {unknown}
Potions
 j - a potion of degeneration


   Skills:
 * Level 3.7 Fighting
 + Level 0.6(1.7) Short Blades
 * Level 2.5(2.6) Long Blades
 * Level 2.5 Dodging
 + Level 9.2 Stealth
 * Level 1.1 Spellcasting


You had 7 spell levels left.
You didn't know any spells.
Your spell library was empty.

Dungeon Overview and Level Annotations

Branches:
Dungeon (5/15)             Temple (1/1) D:5

Altars:
Ashenzari
Cheibriados
Elyvilon
Fedhas
Gozag
Qazlal
Trog
Xom

Annotations:
D:4 1 runed translucent door
D:5 Blork the orc


Innate Abilities, Weirdness & Mutations

You cannot wear most types of armour.
You are amphibious.
You can wear up to eight rings at the same time.
Your skin changes colour to match your surroundings (Stealth+).
Your rubbery body absorbs attacks. (AC +1, EV +1)
((You are camouflaged when in or above water. (Stealth+)))
You have tentacles for arms and can constrict up to eight enemies at once.


Message History

Your grab misses the water moccasin.
The water moccasin is lightly wounded.
The water moccasin bites you but does no damage.
You closely miss the water moccasin. Your grab misses the water moccasin.
The water moccasin is lightly wounded.
The water moccasin completely misses you.
You closely miss the water moccasin. Your grab misses the water moccasin.
The water moccasin is lightly wounded.
The water moccasin closely misses you.
You hit the water moccasin.
The water moccasin shakes off its lethargy.
The water moccasin goes berserk!
Your grab misses the water moccasin.
The water moccasin is moderately wounded.
The water moccasin bites you. The water moccasin closely misses you.
You hit the water moccasin.
The water moccasin is poisoned.
Your grab misses the water moccasin.
The water moccasin is moderately wounded.
The water moccasin closely misses you. The water moccasin bites you.
You hit the water moccasin. You grab the water moccasin.
The water moccasin is moderately wounded.
You constrict the water moccasin. The water moccasin bites you!
The water moccasin misses you.
Okay, then.
Okay, then.
You hit the water moccasin but do no damage.
The water moccasin is heavily wounded.
You constrict the water moccasin. The water moccasin bites you!
The water moccasin bites you.
* * * LOW HITPOINT WARNING * * *
It was a potion of degeneration.
There was something very wrong with that liquid.
You feel weakened.
You feel dopey.
You feel clumsy.
You constrict the water moccasin. The water moccasin bites you!
* * * LOW HITPOINT WARNING * * *
You are lethally poisoned!
The water moccasin poisons you!
The water moccasin bites you but does no damage.
The water moccasin bites you.
You die...
Your body crumbles into a pile of gold.

.....)..................>......#
.....############.##....########
.....# #.##.#### ..)..# #.##.#
...#.# #.##.# ...#.# #.#..#
...#.# #########.#.##
...#.####...........####
...#...##.######@.......
...#......# #SS######
#.####....# #...# ####....#
#.#.# .........# #$ ..
#####.##.# .. ... #..... ..#
.... ###.... .# ..... #......
......


You could see 2 water moccasins.

Vanquished Creatures
  2 scorpions (D:4)
  A hound (D:4)
  An orc wizard (D:4)
  3 adders
  An ufetubus (D:4)
  2 worms
  A dart slug (D:4)
  4 orcs (D:3)
  An endoplasm (D:4)
  A giant cockroach (D:4)
  A kobold (D:4)
  2 quokkas
  A ball python (D:3)
  A rat (D:3)
22 creatures vanquished.

Notes
Turn   | Place    | Note
-------+----------+-------------------------------------------
     0 | D:5      | Esekla the Octopode Delver began the quest for the Orb.
     0 | D:5      | Reached XP level 1. HP: 16/16 MP: 1/1
     2 | D:5      | Found a staircase to the Ecumenical Temple.
     8 | D:5      | Identified the +6 dagger of Tocki {chaos, Str+7 Int+5
                  | Dex-3}
    12 | Temple   | Entered the Ecumenical Temple
    45 | D:5      | Noticed Blork the orc
    45 | D:5      | Noticed an ice beast
    83 | D:5      | Noticed a phantom
    87 | D:5      | Noticed an iguana
   121 | D:5      | Reached skill level 7 in Stealth
   121 | D:5      | Reached XP level 2. HP: 4/21 MP: 2/2
   201 | Temple   | Became a worshipper of Gozag Ym Sagoz the Greedy
   246 | D:4      | Noticed a scorpion
   248 | D:4      | Killed a scorpion
   249 | D:4      | Reached skill level 8 in Stealth
   249 | D:4      | Reached XP level 3. HP: 26/26 MP: 3/3
   249 | D:4      | Reached XP level 4. HP: 31/31 MP: 4/4
   409 | D:4      | Found a snail-covered altar of Cheibriados.
   462 | D:4      | Reached XP level 5. HP: 36/36 MP: 5/5
   466 | D:4      | Found a runed translucent door.
   560 | D:4      | Reached skill level 9 in Stealth
   629 | D:3      | Reached skill level 1 in Spellcasting
   630 | D:3      | Noticed a water moccasin
   654 | D:3      | Reached XP level 6. HP: 36/43 MP: 7/7
   708 | D:3      | HP: 1/43 [water moccasin (9)]
   708 | D:3      | Slain by a water moccasin

Illustrated notes

Levels and vault maps discovered:
D:3:      layout_basic, serial_shops, shop
D:4:      layout_basic, mainiacjoe_overflow_surrounded_room, slow_altar_2,
          ebering_ghost_reflecting_pool, minmay_quantized
D:5:      layout_basic, temple_green, fountainhead, uniq_blork_the_orc
Temple:   chequers_temple_sunken

Skill      XL: |  1  2  3  4  5 |
---------------+----------------+-----
Stealth        | 7 8 9 |  9.2
Spellcasting   | 1 |  1.1
Fighting       | |  3.7
Short Blades   | |  0.6
Long Blades    | |  2.5
Dodging        | |  2.5

Action                     |  1- 3 |  4- 6 || total
---------------------------+-------+-------++-------
  Melee: Dagger            |     3 |    34 ||    37
         Constrict         |       |     5 ||     5
         Tentacles         |       |     3 ||     3
    Use: Potion            |     1 |     1 ||     2
         Scroll            |     1 |       ||     1
   Stab: Sleeping          |     3 |    11 ||    14
 Armour: Skin              |       |     3 ||     3
  Dodge: Dodged            |     3 |    10 ||    13

Table legend: (Time is in decaauts)
 A = Elapsed time spent in this place.
 B = Non-inter-level travel time spent in this place.
 C = Inter-level travel time spent in this place.
 D = Time resting spent in this place.
 E = Time spent auto-exploring this place.
 F = Levels seen in this place.
 G = Mean time per level.
                   A        B        C        D        E       F      G
               +--------+--------+--------+--------+--------+-----+--------+
         Total |    692 |    665 |     27 |      0 |    113 |   4 |  173.0 |
       Dungeon |    635 |    632 |      3 |      0 |    113 |   3 |  211.7 |
        Temple |     57 |     33 |     24 |      0 |      0 |   1 |   57.0 |
               +--------+--------+--------+--------+--------+-----+--------+

Top non-repeatable levels by time:
     D:4: 380 daAuts
     D:5: 172 daAuts
     D:3: 82 daAuts
  Temple: 57 daAuts
